 Dungeon Sprint DCSS version 0.19.4-8-ga85b6b9 (webtiles) character file.

58 protoss039 the Shield-Bearer (level 3, -10/37 HPs)
             Began as a Minotaur Fighter on Feb 7, 2017.
             Splashed by an oklob sapling priest's acid (13 damage)
             ... in the Dungeon (Sprint IV: "Fedhas' Mad Dash").
             The game lasted 00:00:41 (63 turns).

protoss039 the Shield-Bearer (Minotaur Fighter)       Turns: 63, Time: 00:00:42

Health: -10/37     AC:  3    Str: 21    XL:     3   Next: 75%
Magic:  0/2        EV:  8    Int:  5    God:
Gold:   47         SH: 10    Dex:  9    Spells: 0 memorised, 2 levels left

rFire  . . .     SeeInvis .     a - +0 war axe
rCold  . . .     Gourm    .     b - +0 scale mail
rNeg   . . .     Faith    .     c - +0 shield
rPois  .         Spirit   .     (helmet restricted)
rElec  .         Reflect  .     (no cloak)
rCorr  .         Harm     .     (no gloves)
MR     .....     NoTele   +     (no boots)
Stlth  ..........               n - amulet of invisibility {+Inv}
                                (no ring)
                                (no ring)

@: corroded, very slightly contaminated, invisible (expiring)
A: retaliatory headbutt, horns 2
a: Turn Visible


You were in the Dungeon.
You were not hungry.

You visited 1 branch You collected 47 gold pieces.

Inventory:

Hand Weapons
 a - a +0 war axe (weapon)
Armour
 b - a +0 scale mail (worn)
 c - a +0 shield (worn)
Jewellery
 n - the amulet of invisibility (around neck) {+Inv}
   (You found it in the Dungeon)

   [amulet of nothing]

   It lets you turn invisible.
Scrolls
 k - a scroll of blinking
 m - 2 scrolls of fear {unknown}
Potions
 d - a potion of might
 e - a potion of curing
 g - a potion of heal wounds
 h - a potion of haste
 i - 2 potions of magic
 j - a potion of berserk rage
Comestibles
 f - a bread ration
 l - 4 chunks of flesh


   Skills:
 + Level 5.8 Fighting
 + Level 4.3 Axes
 + Level 5.8 Armour
 + Level 6.0 Shields


You had 2 spell levels left.
You didn't know any spells.

Dungeon Overview and Level Annotations

Branches:
Dungeon (1/1)

Altars:
Cheibriados
Dithmenos
Elyvilon
Gozag
Hepliaklqana
Kikubaaqudgha
Makhleb
Nemelex Xobeh
Okawaru
Qazlal
Ru
Sif Muna
Trog
Uskayaw
Vehumet
Xom
Yredelemnul
Zin
The Shining One
Beogh
Jiyva
Lugonu

Annotations:
D exclusion: oklob sapling


Innate Abilities, Weirdness & Mutations

You reflexively headbutt those who attack you in melee.
You have a pair of horns on your head.


Message History

You open the door.
Found ten altars.
Marking area around the oklob sapling priest as unsafe for travelling.
An oklob sapling priest comes into view.
Found a viscous altar of Jiyva and a bloodstained altar of Trog.
There is an open door here.
Found three altars.
Found two altars.
Found three altars.
You flicker for a moment.
Found a corrupted altar of Lugonu and a radiant altar of Vehumet.
The oklob sapling priest spits acid at you.
The splash of acid hits you!
You are splashed with acid!
The acid burns!
You hit the oklob sapling priest. You headbutt the oklob sapling priest!
The oklob sapling priest is severely damaged.
The oklob sapling priest spits acid at you.
The splash of acid hits you!
* * * LOW HITPOINT WARNING * * *
The acid corrodes you!
You are splashed with acid!
The acid burns!
You die...

########################
....#.....#.⌠._._._._.⌠.
(...'.#...'.._._@_._._..
....#.#...#..._._P_._...
########+##.._._._._._..
#.⌠._._._._.⌠.
##############


You could see an oklob sapling priest.

Vanquished Creatures
  An oklob sapling (D)
  A worker ant (D)
  A river rat (D)
  A rat (D)
  A fungus (D)
5 creatures vanquished.

Notes
Turn   | Place    | Note
-------+----------+-------------------------------------------
     0 | D        | protoss039 the Minotaur Fighter began the quest for the Orb.
     0 | D        | Reached XP level 1. HP: 19/19 MP: 0/0
    11 | D        | Reached skill level 4 in Shields
    11 | D        | Reached XP level 2. HP: 28/28 MP: 1/1
    23 | D        | Noticed an oklob sapling
    26 | D        | Killed an oklob sapling
    26 | D        | Reached skill level 5 in Fighting
    26 | D        | Reached skill level 5 in Armour
    26 | D        | Reached skill level 5 in Shields
    26 | D        | Reached XP level 3. HP: 36/36 MP: 2/2
    30 | D        | Reached skill level 6 in Shields
    55 | D        | Found an opulent altar of Gozag.
    55 | D        | Found a hazy altar of Hepliaklqana.
    55 | D        | Found a burning altar of Makhleb.
    55 | D        | Found a roughly hewn altar of Beogh.
    55 | D        | Found a sparkling altar of Nemelex Xobeh.
    55 | D        | Found a snail-covered altar of Cheibriados.
    55 | D        | Found a sacrificial altar of Ru.
    55 | D        | Found a deep blue altar of Sif Muna.
    55 | D        | Found a shimmering altar of Xom.
    55 | D        | Found a basalt altar of Yredelemnul.
    56 | D        | Found a viscous altar of Jiyva.
    56 | D        | Found a bloodstained altar of Trog.
    56 | D        | Noticed an oklob sapling priest
    57 | D        | Found an iron altar of Okawaru.
    57 | D        | Found a shadowy altar of Dithmenos.
    57 | D        | Found a glowing silver altar of Zin.
    58 | D        | Found a hide-covered altar of Uskayaw.
    58 | D        | Found an ancient bone altar of Kikubaaqudgha.
    59 | D        | Found a stormy altar of Qazlal.
    59 | D        | Found a glowing golden altar of the Shining One.
    59 | D        | Found a white marble altar of Elyvilon.
    60 | D        | Found a corrupted altar of Lugonu.
    60 | D        | Found a radiant altar of Vehumet.
    63 | D        | Splashed by an oklob sapling priest's acid

Skill      XL: |  1  2  3 |
---------------+----------+-----
Fighting       | 4 5 |  5.8
Armour         | 4 5 |  5.8
Shields        | 4 5 6 |  6.0
Axes           | 3 4 |  4.3

Action                   || total
-------------------------++-------
Melee: War axe           ||    12
       Headbutt          ||     2
 Abil: Evoke Invisibilit ||     1
Armor: Scale mail        ||     5
Dodge: Dodged            ||     1
Block: Shield            ||     2
